[Event "Friday 27 April Rapid Engine Tour 12+1 Rounds 9 Starts 1600ST"]
[Site "Infinity Chess"]
[Date "2018.4.27"]
[Round "7"]
[White "KQRBNP"]
[Black "Katzenmaier"]
[Result "1/2-1/2"]
[ECO "B45"]
[WhiteElo "2321"]
[BlackElo "2462"]
[WhiteEngine "Eman 1.70-beta27 64-bit POPCNT"]
[BlackEngine "Raubfisch X38b1"]
[EventType "Swiss"]
[WhiteTeam ""]
[BlackTeam ""]
[PlyCount "155"]
[TimeControl "720+1"]

1. e4 c5 2. Nf3 e6 3. d4 cxd4 4. Nxd4 Nc6 5. Nc3 Nf6 6. Nxc6 bxc6 7. e5 Nd5 
8. Ne4 Qc7 9. f4 Qa5+ 10. c3 Be7 11. Bd3 Ba6 12. O-O Qb6+ 13. Kh1 Bxd3 
14. Qxd3 f5 15. Nf2 O-O 16. Qe2 c5 17. c4 Nb4 18. Be3 a5 19. Nd1 d5 
20. exd6 Qxd6 21. Nc3 Qd3 22. Qxd3 Nxd3 23. Na4 h6 24. Rad1 Rfd8 25. Rd2 Rd6 
26. Kg1 Rad8 27. Rfd1 g5 28. g3 gxf4 29. gxf4 Kf7 30. b3 Nb4 31. Rxd6 Rxd6 
32. Rxd6 Bxd6 33. Nxc5 Nxa2 34. Nd3 Nb4 35. Nxb4 Bxb4 36. Kf2 Ke7 37. Bd4 Ke8 
38. Ke3 Kd7 39. h3 Kc6 40. Bg7 Bc5+ 41. Kf3 h5 42. Bf6 Bd6 43. Bd4 Bb4 
44. Bg7 Kb6 45. Bf6 Kc6 46. Ke3 Bc5+ 47. Bd4 Bb4 48. Kd3 Kd7 49. Bc3 Bd6 
50. Bxa5 Bxf4 51. b4 Kc6 52. b5+ Kc5 53. Bd8 e5 54. Be7+ Kb6 55. h4 Bg3 
56. Bg5 e4+ 57. Kd4 Bf2+ 58. Be3 Bxe3+ 59. Kxe3 Kc5 60. Ke2 f4 61. Kf2 e3+ 
62. Kf3 Kb6 63. Ke2 Kc5 64. Kf1 f3 65. Ke1 e2 66. Kf2 Kxc4 67. b6 Kd3 68. b7 Kd2 
69. b8=Q e1=Q+ 70. Kxf3 Qxh4 71. Qb2+ Kd3 72. Qb1+ Kd2 73. Qg1 Qf6+ 74. Ke4 Qh4+ 
75. Kf5 Kc2 76. Qg2+ Kb1 77. Qe4+ Qxe4+ 78. Kxe4 1/2-1/2

[Event "Friday 27 April Rapid Engine Tour 12+1 Rounds 9 Starts 1600ST"]
[Site "Infinity Chess"]
[Date "2018.4.27"]
[Round "7"]
[White "Marsell"]
[Black "ocirema"]
[Result "1/2-1/2"]
[ECO "C55"]
[WhiteElo "2452"]
[BlackElo "2434"]
[WhiteEngine "BrainFish_180418_x64_bmi2"]
[BlackEngine "asmFishW_2018-04-24_popcnt"]
[EventType "Swiss"]
[WhiteTeam ""]
[BlackTeam ""]
[PlyCount "77"]
[TimeControl "720+1"]

1. e4 e5 2. Nf3 Nc6 3. Bc4 Nf6 4. d3 Bc5 5. c3 d6 6. O-O a5 7. Bg5 h6 8. Bh4 O-O 
9. a4 g5 10. Bg3 Kg7 11. Nbd2 Ba7 12. Re1 Nh7 13. h3 h5 14. d4 g4 15. Nh4 exd4 
16. Rc1 gxh3 17. Ndf3 Ng5 18. Nxd4 Rg8 19. Ndf5+ Bxf5 20. exf5 Ne5 21. Rxe5 dxe5 
22. Qxh5 Qf6 23. Rd1 Kf8 24. Rd7 hxg2 25. Nf3 Nxf3+ 26. Qxf3 Qh6 27. Kxg2 Rh8 
28. Kf1 Qc1+ 29. Ke2 Qxb2+ 30. Rd2 Qb1 31. Rd7 e4 32. Rxf7+ Ke8 33. Qg4 Qc2+ 
34. Kf1 Qc1+ 35. Ke2 Qb2+ 36. Kf1 Qb1+ 37. Ke2 Qb2+ 38. Kf1 Qb1+ 39. Ke2 1/2-1/2

[Event "Friday 27 April Rapid Engine Tour 12+1 Rounds 9 Starts 1600ST"]
[Site "Infinity Chess"]
[Date "2018.4.27"]
[Round "7"]
[White "Cepri"]
[Black "Eman"]
[Result "1/2-1/2"]
[ECO "B90"]
[WhiteElo "2389"]
[BlackElo "2439"]
[WhiteEngine "asmfishw_25A18b_CTG"]
[BlackEngine "Eman 1.70-beta27 64-bit BMI2"]
[EventType "Swiss"]
[WhiteTeam ""]
[BlackTeam ""]
[PlyCount "123"]
[TimeControl "720+1"]

1. e4 c5 2. Nf3 d6 3. d4 cxd4 4. Nxd4 Nf6 5. Nc3 a6 6. Be3 e5 7. Nb3 Be6 
8. Be2 Be7 9. Qd3 O-O 10. O-O Nc6 11. a3 Rc8 12. Nd5 Nd7 13. h3 Bg5 14. Bg4 Bxg4 
15. hxg4 Bxe3 16. Nxe3 Qg5 17. Qd2 Nf6 18. f3 h5 19. Rad1 hxg4 20. Nxg4 Nxe4 
21. Qxg5 Nxg5 22. Rxd6 f5 23. Ne3 f4 24. Ng4 Rfd8 25. Rxd8+ Rxd8 26. c3 Rd5 
27. c4 Rd3 28. Nc5 Rd2 29. b3 e4 30. fxe4 Nd4 31. Rf2 Rd1+ 32. Kh2 Nge6 
33. Nxe6 Nxe6 34. Rf3 Re1 35. Nf2 Re2 36. Kg1 Kf7 37. g3 g5 38. gxf4 gxf4 
39. Kf1 Ra2 40. a4 Kf6 41. Ng4+ Kg5 42. Ne5 Rc2 43. Ke1 Rc1+ 44. Kd2 Ra1 
45. Nd3 Ra2+ 46. Kd1 a5 47. Ne5 b6 48. Rd3 Nc5 49. Nf3+ Kg4 50. Ne5+ Kg5 
51. Nf3+ Kg4 52. Ne5+ Kh5 53. Rd6 Nxe4 54. Rxb6 Nc3+ 55. Kc1 Ne2+ 56. Kb1 Nc3+ 
57. Kc1 Kg5 58. Rd6 Ne2+ 59. Kb1 Nc3+ 60. Kc1 Ne2+ 61. Kb1 Nc3+ 62. Kc1 1/2-1/2

[Event "Friday 27 April Rapid Engine Tour 12+1 Rounds 9 Starts 1600ST"]
[Site "Infinity Chess"]
[Date "2018.4.27"]
[Round "7"]
[White "Thinker"]
[Black "star99"]
[Result "1/2-1/2"]
[ECO "B32"]
[WhiteElo "2452"]
[BlackElo "2451"]
[WhiteEngine "BrainFish_180418_x64_modern_CTG"]
[BlackEngine "Cryptic Heroes 9.4B"]
[EventType "Swiss"]
[WhiteTeam ""]
[BlackTeam ""]
[PlyCount "130"]
[TimeControl "720+1"]

1. e4 c5 2. Nf3 Nc6 3. d4 cxd4 4. Nxd4 e5 5. Nb5 d6 6. N1c3 a6 7. Na3 b5 
8. Nd5 Nf6 9. Bg5 Be7 10. Bxf6 Bxf6 11. c3 O-O 12. Nc2 Be6 13. a4 bxa4 
14. Rxa4 a5 15. Bc4 Bg5 16. O-O Ne7 17. Nxe7+ Qxe7 18. Bxe6 Qxe6 19. Na3 Rfc8 
20. c4 Bd8 21. b3 Bb6 22. Nb5 Bc5 23. Qc2 Qd7 24. Rfa1 Bb4 25. Nc3 Qd8 
26. g3 Rcb8 27. Nb5 g6 28. Qd3 h5 29. h4 Qb6 30. Qd5 Bc5 31. Kg2 Ra6 32. Qd2 Bb4 
33. Qe2 Rf8 34. Rd1 Raa8 35. Rd5 Rad8 36. f3 f5 37. exf5 Rxf5 38. Qd3 Rf6 
39. Ra1 Rdf8 40. Rf1 Qc6 41. Nc3 Bxc3 42. Qxc3 a4 43. b4 Rc8 44. Rc1 Qxd5 
45. cxd5 Rxc3 46. Rxc3 Rf7 47. Rc6 a3 48. Ra6 Rb7 49. Rxa3 Rxb4 50. Ra6 Rb2+ 
51. Kf1 Rb1+ 52. Ke2 Rb2+ 53. Kd1 Kg7 54. Rxd6 Kf7 55. Rd7+ Kf6 56. Rd6+ Kf7 
57. g4 hxg4 58. fxg4 Rb4 59. g5 Rxh4 60. Rf6+ Ke7 61. Rxg6 Rd4+ 62. Ke1 Rxd5 
63. Ra6 Kf7 64. Ke2 Rd4 65. g6+ Kg7 1/2-1/2

[Event "Friday 27 April Rapid Engine Tour 12+1 Rounds 9 Starts 1600ST"]
[Site "Infinity Chess"]
[Date "2018.4.27"]
[Round "7"]
[White "coreoptimist"]
[Black "HerzsjeMZ"]
[Result "1/2-1/2"]
[ECO "C77"]
[WhiteElo "2367"]
[BlackElo "2448"]
[WhiteEngine "asmFishW_2018-04-25_bmi2_CTG"]
[BlackEngine "BrainFish_180423_x64_modern"]
[EventType "Swiss"]
[WhiteTeam ""]
[BlackTeam ""]
[PlyCount "106"]
[TimeControl "720+1"]

1. e4 e5 2. Nf3 Nc6 3. Bb5 a6 4. Ba4 Nf6 5. O-O Be7 6. Re1 b5 7. Bb3 O-O 
8. c3 d6 9. h3 Bb7 10. d4 Re8 11. Nbd2 Bf8 12. a4 exd4 13. cxd4 Qd7 
14. axb5 axb5 15. Rxa8 Bxa8 16. Ng5 Nd8 17. e5 Nd5 18. Ndf3 h6 19. Ne4 Nb4 
20. Qd2 Bd5 21. Qxb4 Bxe4 22. Rxe4 d5 23. Qe1 dxe4 24. Qxe4 Qc6 25. Qb1 Qd7 
26. Be3 Nc6 27. Qd3 Nb4 28. Qe4 c6 29. Nh4 Kh8 30. f4 Be7 31. Nf3 Nd5 
32. Bd2 Bd8 33. Bc2 g6 34. g4 Rg8 35. Kf1 f6 36. exf6 Bxf6 37. Kg2 Qf7 
38. h4 Qe7 39. g5 hxg5 40. hxg5 Qxe4 41. Bxe4 Bg7 42. Bxg6 Bxd4 43. Nxd4 Rxg6 
44. Kf3 c5 45. Nxb5 Rb6 46. Ke4 Nxf4 47. Bxf4 Rxb5 48. Be5+ Kh7 49. Kf5 c4 
50. g6+ Kg8 51. Ke4 c3 52. bxc3 Rb6 53. c4 Rxg6 1/2-1/2

[Event "Friday 27 April Rapid Engine Tour 12+1 Rounds 9 Starts 1600ST"]
[Site "Infinity Chess"]
[Date "2018.4.27"]
[Round "7"]
[White "Victorious"]
[Black "hafaba"]
[Result "1/2-1/2"]
[ECO "B90"]
[WhiteElo "2513"]
[BlackElo "2402"]
[WhiteEngine "asmFishW_2018-04-24_popcnt"]
[BlackEngine "Eman 1.70-beta21 64-bit POPCNT_CTG"]
[EventType "Swiss"]
[WhiteTeam ""]
[BlackTeam ""]
[PlyCount "104"]
[TimeControl "720+1"]

1. e4 c5 2. Nf3 d6 3. d4 cxd4 4. Nxd4 Nf6 5. Nc3 a6 6. h3 e5 7. Nb3 Be6 
8. f4 Be7 9. Be3 exf4 10. Bxf4 Nc6 11. Qe2 Nd7 12. O-O-O Nce5 13. Kb1 Rc8 
14. Qe3 O-O 15. Nd4 Re8 16. g4 Qa5 17. Qe1 Bf8 18. Be2 Nc5 19. Nxe6 fxe6 
20. Rf1 b5 21. a3 Qc7 22. Qd2 Ncd7 23. g5 Nb6 24. Bxe5 dxe5 25. Na2 Nc4 
26. Bxc4 bxc4 27. h4 Qb6 28. Ka1 Bc5 29. Rb1 Qd6 30. Qg2 c3 31. Nxc3 Bd4 
32. Na2 Qxa3 33. c3 Rxc3 34. bxc3 Bxc3+ 35. Rb2 Rb8 36. Rff2 a5 37. Rfc2 Rxb2 
38. Rxb2 Bd4 39. h5 Kf7 40. Kb1 Qxb2+ 41. Qxb2 Bxb2 42. Kxb2 h6 43. gxh6 gxh6 
44. Nc1 Kf6 45. Nd3 Kg5 46. Nxe5 Kxh5 47. Kc3 a4 48. Nd7 Kg4 49. Kb4 h5 
50. Kxa4 h4 51. Ne5+ Kg3 52. Nc4 Kf3 1/2-1/2

[Event "Friday 27 April Rapid Engine Tour 12+1 Rounds 9 Starts 1600ST"]
[Site "Infinity Chess"]
[Date "2018.4.27"]
[Round "7"]
[White "xeonrocks"]
[Black "KhalidOmar"]
[Result "1/2-1/2 "]
[ECO "B90"]
[WhiteElo "2544"]
[BlackElo "2438"]
[WhiteEngine "Stockfish_x64_bmi2_CTG"]
[BlackEngine "Eman 1.70-beta27 64-bit BMI2"]
[EventType "Swiss"]
[WhiteTeam ""]
[BlackTeam ""]
[PlyCount "69"]
[TimeControl "720+1"]

1. e4 c5 2. Nf3 d6 3. d4 cxd4 4. Nxd4 Nf6 5. Nc3 a6 6. Be3 e5 7. Nb3 Be6 
8. f3 Nbd7 9. Qd2 Be7 10. g4 O-O 11. O-O-O b5 12. g5 Nh5 13. Kb1 Nb6 14. Na5 Rc8 
15. a3 g6 16. h4 Ng3 17. Rg1 Na4 18. Nxa4 Nxf1 19. Rgxf1 bxa4 20. h5 Qc7 
21. Rh1 Rfe8 22. Qh2 Bf8 23. c4 Re7 24. Bd2 Bxc4 25. Nxc4 Qxc4 26. Bb4 Rd7 
27. Qh3 Rb7 28. hxg6 fxg6 29. Rd5 Qc6 30. Ka1 Qd7 31. Qxd7 Rxd7 32. Ra5 Rc6 
33. Rxa4 Be7 34. Bd2 d5 35. Bc1 1/2-1/2

[Event "Friday 27 April Rapid Engine Tour 12+1 Rounds 9 Starts 1600ST"]
[Site "Infinity Chess"]
[Date "2018.4.27"]
[Round "7"]
[White "Pirate"]
[Black "angriff"]
[Result "1-0"]
[ECO "B90"]
[WhiteElo "2566"]
[BlackElo "2427"]
[WhiteEngine "asmFishW_IX_bmi2_CTG"]
[BlackEngine "DracoREX 3.07 64BIT POPCNT_CTG"]
[EventType "Swiss"]
[WhiteTeam ""]
[BlackTeam ""]
[PlyCount "151"]
[TimeControl "720+1"]

1. e4 c5 2. Nf3 d6 3. d4 cxd4 4. Nxd4 Nf6 5. Nc3 a6 6. Be3 e5 7. Nb3 Be6 
8. f3 Be7 9. Qd2 O-O 10. O-O-O Nbd7 11. g4 b5 12. g5 Nh5 13. Kb1 Nb6 
14. Nd5 Nxd5 15. exd5 Bd7 16. Na5 Qc7 17. Bd3 Rac8 18. Rc1 Bd8 19. Nc6 Bxc6 
20. dxc6 Qxc6 21. Bf5 Rc7 22. Be4 Qd7 23. Rhd1 f5 24. Bd5+ Kh8 25. c4 bxc4 
26. Bxc4 f4 27. Bf2 Rc6 28. Qd5 Bxg5 29. Qxe5 dxe5 30. Rxd7 Rb8 31. Ra7 e4 
32. Rxa6 Bf6 33. b3 Rxa6 34. Bxa6 e3 35. Be1 Bd8 36. Rc5 Nf6 37. Rf5 h6 
38. Bc4 g5 39. h4 gxh4 40. Bxh4 Nd7 41. Be1 Bf6 42. Rxf4 Kg7 43. Rg4+ Kh7 
44. Re4 h5 45. Rxe3 Ne5 46. Be6 Nc6 47. f4 Rd8 48. a4 Rd1+ 49. Kc2 Rd4 
50. Bc4 Rxf4 51. a5 Bg5 52. Re8 Nxa5 53. Bxa5 Bf6 54. Bd3+ Kg7 55. b4 Kf7 
56. Re2 h4 57. b5 Ra4 58. Bc7 Rb4 59. b6 Kg8 60. Be4 Bd4 61. b7 Ba7 62. Bd5+ Kg7 
63. Re6 Rb5 64. Ra6 Rc5+ 65. Kb3 Rb5+ 66. Kc4 Rxb7 67. Be5+ Kf8 68. Bxb7 Be3 
69. Bd5 Ke8 70. Bf6 Kd7 71. Rc6 Bg5 72. Bxg5 h3 73. Bf6 h2 74. Kc5 h1=Q 
75. Be6+ Ke8 76. Rc8# 1-0

[Event "Friday 27 April Rapid Engine Tour 12+1 Rounds 9 Starts 1600ST"]
[Site "Infinity Chess"]
[Date "2018.4.27"]
[Round "6"]
[White "ocirema"]
[Black "Cepri"]
[Result "1/2-1/2"]
[ECO "D30"]
[WhiteElo "2436"]
[BlackElo "2387"]
[WhiteEngine "asmFishW_2018-04-24_popcnt"]
[BlackEngine "asmfishw_25A18b_CTG"]
[EventType "Swiss"]
[WhiteTeam ""]
[BlackTeam ""]
[PlyCount "93"]
[TimeControl "720+1"]

1. d4 d5 2. c4 e6 3. Nf3 Nf6 4. g3 Bb4+ 5. Bd2 Be7 6. Bg2 O-O 7. O-O c6 8. b3 b6 
9. Qc2 Nbd7 10. Rd1 Ba6 11. a4 c5 12. cxd5 Nxd5 13. Nc3 Rc8 14. Qb2 Bb7 
15. Rac1 Qe8 16. Nxd5 Bxd5 17. Bc3 Bf6 18. Qb1 Bxf3 19. exf3 cxd4 20. Bxd4 Bxd4 
21. Rxd4 Qe7 22. b4 Nf6 23. f4 Rxc1+ 24. Qxc1 Rd8 25. Qd1 Rxd4 26. Qxd4 Qd7 
27. Qxd7 Nxd7 28. Kf1 a5 29. Bc6 Nb8 30. Bb5 axb4 31. Ke2 Kf8 32. Kd3 Ke7 
33. Kc4 Kd6 34. Kxb4 Nc6+ 35. Kc4 Na7 36. f3 Nc6 37. Bxc6 Kxc6 38. Kb4 h6 
39. h4 h5 40. g4 g6 41. g5 Kd6 42. Kb5 Kc7 43. Kc4 Kc6 44. Kb4 Kb7 45. Kb3 Kc7 
46. Kc4 Kc6 47. Kb4 1/2-1/2

[Event "Friday 27 April Rapid Engine Tour 12+1 Rounds 9 Starts 1600ST"]
[Site "Infinity Chess"]
[Date "2018.4.27"]
[Round "6"]
[White "Katzenmaier"]
[Black "Marsell"]
[Result "1/2-1/2 "]
[ECO "A20"]
[WhiteElo "2462"]
[BlackElo "2452"]
[WhiteEngine "Raubfisch X38b1"]
[BlackEngine "BrainFish_180418_x64_bmi2"]
[EventType "Swiss"]
[WhiteTeam ""]
[BlackTeam ""]
[PlyCount "202"]
[TimeControl "720+1"]

1. c4 e5 2. g3 Nf6 3. Bg2 d5 4. cxd5 Nxd5 5. Nc3 Nb6 6. e3 Nc6 7. Nge2 h5 
8. O-O h4 9. d4 Bd7 10. d5 Ne7 11. a4 a5 12. Qd3 hxg3 13. fxg3 Ng8 14. b3 Nf6 
15. Bb2 Bd6 16. Rac1 Kf8 17. Nd1 Bc8 18. Nec3 Nbd7 19. Nf2 Nc5 20. Qc4 Kg8 
21. Nb5 b6 22. Rfe1 Qd7 23. h3 Ba6 24. e4 Re8 25. Bc3 Nb7 26. b4 Bxb5 
27. axb5 Qe7 28. bxa5 Nxa5 29. Bxa5 bxa5 30. Kh2 Ra8 31. Nd3 Nd7 32. Ra1 g6 
33. Rf1 Nb6 34. Qc2 a4 35. Rfc1 Kg7 36. Nc5 a3 37. Na6 Ra7 38. Qf2 Rf8 
39. Qe3 Kh7 40. Rc6 Rb7 41. Rb1 Kg7 42. Rc2 Nd7 43. Rb3 Ra8 44. Qf3 Qf6 
45. Qe3 Qe7 46. Qf3 f5 47. exf5 e4 48. Qc3+ Nf6 49. fxg6 Kxg6 50. Qc4 e3 
51. Qd3+ Kf7 52. Qxe3 Qxe3 53. Rxe3 Rxb5 54. Nxc7 Rc5 55. Rxc5 Bxc5 56. Re1 Rb8 
57. Na6 Bf2 58. Rf1 Rb2 59. Ra1 Rb3 60. Bf1 Bxg3+ 61. Kh1 Rc3 62. Nc5 Be5 
63. d6 Bxd6 64. Nb3 Ne4 65. Rc1 Rg3 66. Rc2 Kf6 67. Bg2 Rxb3 68. Bxe4 Rxh3+ 
69. Kg1 Ke5 70. Bg2 Rb3 71. Re2+ Kf4 72. Bd5 Rd3 73. Ba2 Rd1+ 74. Kg2 Bc5 
75. Rc2 Bd4 76. Kh3 Rh1+ 77. Rh2 Rc1 78. Rd2 Ke4 79. Be6 Bb6 80. Bd5+ Ke3 
81. Rg2 Kd4 82. Bb3 Bc5 83. Kg4 Ke4 84. Bc2+ Ke3 85. Bb3 Rf1 86. Rc2 Rf4+ 
87. Kh5 Bd4 88. Kg5 Rf1 89. Bc4 Bf6+ 90. Kg6 Rf4 91. Bb3 Kd3 92. Rc7 Bb2 
93. Rf7 Rb4 94. Ba2 Rb6+ 95. Kf5 Bd4 96. Bd5 Rd6 97. Ba2 Rb6 98. Bd5 Rh6 
99. Rf8 Ra6 100. Ba2 Rh6 101. Bd5 Bb2 1/2-1/2

[Event "Friday 27 April Rapid Engine Tour 12+1 Rounds 9 Starts 1600ST"]
[Site "Infinity Chess"]
[Date "2018.4.27"]
[Round "6"]
[White "angriff"]
[Black "KQRBNP"]
[Result "1-0"]
[ECO "B90"]
[WhiteElo "2414"]
[BlackElo "2334"]
[WhiteEngine "DracoREX 3.07 64BIT POPCNT_CTG"]
[BlackEngine "Eman 1.70-beta27 64-bit POPCNT"]
[EventType "Swiss"]
[WhiteTeam ""]
[BlackTeam ""]
[PlyCount "112"]
[TimeControl "720+1"]

1. e4 c5 2. Nf3 d6 3. d4 cxd4 4. Nxd4 Nf6 5. Nc3 a6 6. Be3 e5 7. Nb3 Be6 
8. f3 Nbd7 9. Qd2 Be7 10. g4 O-O 11. O-O-O b5 12. g5 Nh5 13. Kb1 Nb6 14. Na5 Rc8 
15. a3 g6 16. Rg1 Qc7 17. Nd5 Nxd5 18. exd5 Bxd5 19. Qxd5 Qxa5 20. h4 Rb8 
21. f4 exf4 22. Bd2 Qc7 23. Be2 Rfc8 24. c3 Qb7 25. Qd3 Rc4 26. Bf3 Qc8 
27. Bd5 Bf8 28. Bc1 Bg7 29. Bxc4 bxc4 30. Qxd6 Bxc3 31. Rd5 Bxb2 32. Bxb2 c3 
33. Rg2 cxb2 34. Rxb2 Ra8 35. Qe7 Qf8 36. Rd7 Qxe7 37. Rxe7 Rf8 38. Kc1 a5 
39. Kd1 Ng3 40. Ke1 Kg7 41. Re5 h6 42. Rf2 f6 43. gxh6+ Kxh6 44. Rxf4 Nh5 
45. Rf3 Ra8 46. Rc5 f5 47. Rc6 Rf8 48. Rfc3 Nf4 49. Rc8 Rf6 50. R3c6 Rf7 
51. R6c7 Rxc7 52. Rxc7 Kh5 53. Ra7 Kxh4 54. Rxa5 Nd3+ 55. Kd2 Nf2 56. a4 f4 1-0

[Event "Friday 27 April Rapid Engine Tour 12+1 Rounds 9 Starts 1600ST"]
[Site "Infinity Chess"]
[Date "2018.4.27"]
[Round "6"]
[White "Eman"]
[Black "coreoptimist"]
[Result "1/2-1/2"]
[ECO "D02"]
[WhiteElo "2442"]
[BlackElo "2364"]
[WhiteEngine "Eman 1.70-beta27 64-bit BMI2"]
[BlackEngine "asmFishW_2018-04-25_bmi2_CTG"]
[EventType "Swiss"]
[WhiteTeam ""]
[BlackTeam ""]
[PlyCount "78"]
[TimeControl "720+1"]

1. d4 d5 2. Nf3 Nf6 3. c4 e6 4. Nc3 c6 5. Bg5 h6 6. Bxf6 Qxf6 7. e3 Nd7 
8. Bd3 dxc4 9. Bxc4 g6 10. O-O Bg7 11. e4 e5 12. d5 Nb6 13. Bb3 Bg4 14. Qd3 O-O 
15. Nd2 Qg5 16. Rfe1 Rac8 17. Nf3 Qf6 18. Nd2 cxd5 19. exd5 Qf4 20. d6 Kh7 
21. h3 Bd7 22. Nf3 Bf5 23. Qe2 Bd7 24. Rad1 Bc6 25. Nd5 Nxd5 26. Bxd5 Rfd8 
27. Nxe5 Qxe5 28. Qxe5 Bxe5 29. Bxc6 Bxd6 30. Bxb7 Rc2 31. Bf3 Rxb2 32. Re2 Rxe2 
33. Bxe2 Bc7 34. Rxd8 Bxd8 35. g4 f5 36. gxf5 gxf5 37. Kg2 Bc7 38. Kf3 Kg6 
39. Ke3 Bb6+ 1/2-1/2

[Event "Friday 27 April Rapid Engine Tour 12+1 Rounds 9 Starts 1600ST"]
[Site "Infinity Chess"]
[Date "2018.4.27"]
[Round "6"]
[White "hafaba"]
[Black "KhalidOmar"]
[Result "1/2-1/2"]
[ECO "E32"]
[WhiteElo "2400"]
[BlackElo "2440"]
[WhiteEngine "Eman 1.70-beta21 64-bit POPCNT_CTG"]
[BlackEngine "Eman 1.70-beta27 64-bit BMI2"]
[EventType "Swiss"]
[WhiteTeam ""]
[BlackTeam ""]
[PlyCount "86"]
[TimeControl "720+1"]

1. d4 Nf6 2. c4 e6 3. Nc3 Bb4 4. Qc2 O-O 5. a3 Bxc3+ 6. Qxc3 b6 7. Bg5 Bb7 
8. e3 h6 9. Bh4 d6 10. f3 Nbd7 11. Bd3 e5 12. Ne2 g5 13. Bg3 e4 14. fxe4 Bxe4 
15. O-O Qe7 16. Bxe4 Nxe4 17. Qd3 f5 18. Rf3 Rf7 19. Raf1 Raf8 20. Be1 Qe6 
21. h3 a6 22. Nc3 c6 23. Qe2 b5 24. Nxe4 Qxe4 25. cxb5 axb5 26. Ba5 Kg7 
27. R3f2 Kg6 28. Bb4 Re8 29. Bxd6 Rf6 30. Bc7 Qxe3 31. Re1 Qxe2 32. Rfxe2 Rxe2 
33. Rxe2 f4 34. Re7 Rf7 35. Re6+ Rf6 36. Re8 Kf7 37. Rd8 Ke7 38. Kf2 Re6 
39. Rh8 Kf7 40. Rh7+ Ke8 41. Rh8+ Kf7 42. Rh7+ Ke8 43. Rh8+ Kf7 1/2-1/2

[Event "Friday 27 April Rapid Engine Tour 12+1 Rounds 9 Starts 1600ST"]
[Site "Infinity Chess"]
[Date "2018.4.27"]
[Round "6"]
[White "star99"]
[Black "Victorious"]
[Result "1/2-1/2"]
[ECO "C26"]
[WhiteElo "2448"]
[BlackElo "2516"]
[WhiteEngine "Cryptic Heroes 9.4B"]
[BlackEngine "asmFishW_2018-04-24_popcnt"]
[EventType "Swiss"]
[WhiteTeam ""]
[BlackTeam ""]
[PlyCount "172"]
[TimeControl "720+1"]

1. e4 e5 2. Nc3 Nf6 3. g3 Nc6 4. Bg2 Bc5 5. Nge2 O-O 6. O-O a5 7. Nd5 d6 
8. c3 Nxd5 9. exd5 Ne7 10. d4 exd4 11. Nxd4 Nf5 12. Nb3 Bb6 13. Nd2 Re8 
14. Nc4 Bc5 15. Qd3 Qf6 16. Be4 h5 17. Bf4 Bd7 18. Rae1 h4 19. Qf3 Nh6 
20. Qh5 Bg4 21. Qxh4 Qxh4 22. gxh4 f5 23. h3 fxe4 24. hxg4 Nxg4 25. Re2 b5 
26. Na3 Rab8 27. Kg2 Nf6 28. Rd1 Kf7 29. Nb1 Kg6 30. Bg5 Nh7 31. Bc1 Nf6 
32. Bg5 Ng4 33. Rde1 Rf8 34. Rf1 Rbe8 35. Nd2 Nxf2 36. Rexf2 Rxf2+ 37. Rxf2 e3 
38. Re2 exd2 39. Rxd2 Kf5 40. Kf3 Re1 41. Re2 Rf1+ 42. Kg3 Rg1+ 43. Kf3 Rf1+ 
44. Kg3 Ra1 45. a3 Rg1+ 46. Kf3 Rb1 47. Bd8 Rf1+ 48. Kg3 Rd1 49. Rg2 Rf1 
50. Re2 Rd1 51. Rg2 g6 52. Kf3 Rd3+ 53. Ke2 Rh3 54. Kd2 a4 55. Re2 Bb6 
56. Re6 Kf4 57. Kc2 Rh2+ 58. Kb1 Rh1+ 59. Kc2 Kf5 60. Kd2 Rh2+ 61. Kc1 Rh1+ 
62. Kc2 Rh2+ 63. Kb1 Rh3 64. Kc2 Rh1 65. Re8 Rh2+ 66. Kb1 Rd2 67. Re7 Rxd5 
68. Bxc7 Bxc7 69. Rxc7 Rd1+ 70. Ka2 Ke6 71. Rb7 Rd5 72. Kb1 Rc5 73. Rb6 g5 
74. hxg5 Rxg5 75. Rb7 Kf6 76. Ka2 Rd5 77. b3 Rd2+ 78. Ka1 axb3 79. Kb1 Ke5 
80. Rxb5+ Ke6 81. Rxb3 Ke5 82. a4 Rf2 83. Rb2 Rf1+ 84. Ka2 Kd5 85. c4+ Kxc4 
86. Rb3 Rf2+ 1/2-1/2

[Event "Friday 27 April Rapid Engine Tour 12+1 Rounds 9 Starts 1600ST"]
[Site "Infinity Chess"]
[Date "2018.4.27"]
[Round "6"]
[White "HerzsjeMZ"]
[Black "xeonrocks"]
[Result "1/2-1/2"]
[ECO "C50"]
[WhiteElo "2444"]
[BlackElo "2548"]
[WhiteEngine "BrainFish_180423_x64_modern"]
[BlackEngine "Stockfish_x64_bmi2_CTG"]
[EventType "Swiss"]
[WhiteTeam ""]
[BlackTeam ""]
[PlyCount "203"]
[TimeControl "720+1"]

1. e4 e5 2. Nf3 Nc6 3. Bc4 Bc5 4. O-O Nf6 5. d3 a5 6. c3 d6 7. h3 Ba7 8. Re1 O-O 
9. a4 h6 10. Na3 Ne7 11. d4 exd4 12. cxd4 c6 13. Bd3 d5 14. e5 Ne4 15. Nc2 Bf5 
16. Nh4 Bh7 17. Be3 Kh8 18. Nf3 Rc8 19. Rc1 Bb8 20. Bf4 f6 21. Ne3 fxe5 
22. Bxe5 Ng6 23. Bxb8 Rxb8 24. Ng4 Nf4 25. Nge5 Qf6 26. Re3 Bf5 27. Qf1 Rbe8 
28. Rce1 Qd6 29. Bc2 g5 30. Bxe4 dxe4 31. Rxe4 Bxe4 32. Rxe4 Qe6 33. Re3 Kg7 
34. b3 Nd5 35. Re4 Nf4 36. Re3 Nd5 37. Re4 Rf4 38. Re2 Rf6 39. Re1 Nf4 
40. Re3 Nd5 41. Re1 Nf4 42. Re3 Rff8 43. Qa1 Nd5 44. Re1 Qf5 45. Qb2 Re6 
46. Nh2 Kg8 47. Nf1 Nf4 48. Ng3 Qf6 49. Re4 Qd8 50. Kh2 h5 51. Qc2 Qd5 
52. Nf1 Qd6 53. Nd2 Re7 54. Ndc4 Qh6 55. f3 Rg7 56. Kg1 Nd5 57. Qc1 Rf4 
58. Qd2 Rf8 59. Nxa5 Qh7 60. Re1 Qf5 61. Nac4 Qf4 62. Qxf4 Nxf4 63. Nd6 h4 
64. Nec4 Kh8 65. Re5 Rd8 66. a5 Kg8 67. Nf5 Rgd7 68. Nb6 Rc7 69. Nc4 Rcd7 
70. Nb6 Rh7 71. d5 cxd5 72. Ne7+ Kf8 73. Nexd5 Nxd5 74. Nxd5 Rhd7 75. Rf5+ Kg7 
76. Nc3 Kh6 77. Rf6+ Kg7 78. Rf5 Kg6 79. Rb5 Rc8 80. Ne4 Rc1+ 81. Kf2 Rc2+ 
82. Ke3 Rxg2 83. b4 Re7 84. Rb6+ Kg7 85. Kd4 Rf7 86. b5 Rg1 87. Nc5 Rd1+ 
88. Kc4 Rc1+ 89. Kb4 Rb1+ 90. Kc4 Rxf3 91. Rxb7+ Kg6 92. a6 Rc1+ 93. Kb4 Rf4+ 
94. Kb3 Rxc5 95. Rb6+ Kf5 96. a7 Rf3+ 97. Kb4 Rc8 98. Rb8 Rf4+ 99. Kb3 Rf3+ 
100. Kb4 Rf4+ 101. Ka3 Rf3+ 102. Kb4 1/2-1/2

[Event "Friday 27 April Rapid Engine Tour 12+1 Rounds 9 Starts 1600ST"]
[Site "Infinity Chess"]
[Date "2018.4.27"]
[Round "6"]
[White "Pirate"]
[Black "Thinker"]
[Result "1-0"]
[ECO "C53"]
[WhiteElo "2554"]
[BlackElo "2464"]
[WhiteEngine "asmFishW_IX_bmi2_CTG"]
[BlackEngine "BrainFish_180418_x64_modern_CTG"]
[EventType "Swiss"]
[WhiteTeam ""]
[BlackTeam ""]
[PlyCount "93"]
[TimeControl "720+1"]

1. e4 e5 2. Nf3 Nc6 3. Bc4 Bc5 4. c3 Nf6 5. d3 d6 6. O-O O-O 7. Re1 a5 8. Bg5 h6 
9. Bh4 g5 10. Bg3 g4 11. Bh4 gxf3 12. Qxf3 Kg7 13. Nd2 Be6 14. Rad1 Bxc4 
15. Nxc4 Qe7 16. d4 exd4 17. Qg3+ Kh7 18. Qf4 Qe6 19. Bxf6 dxc3 20. Bxc3 f5 
21. e5 d5 22. Nd2 a4 23. Nf3 Rg8 24. h3 Rg7 25. Kf1 Ne7 26. g3 Bb6 27. Bd2 Rg6 
28. b4 axb3 29. axb3 c5 30. b4 c4 31. Be3 Bxe3 32. Rxe3 Qb6 33. Ree1 Rg7 
34. Nd4 Rc8 35. Qf3 Rf7 36. Qc3 Rff8 37. Ne2 Rfd8 38. Kg1 Kg8 39. h4 Kh7 
40. h5 Kg8 41. e6 Rd6 42. b5 Rf8 43. Nf4 d4 44. Qxc4 Re8 45. Qd3 Rdd8 
46. Rc1 Qd6 47. Rc4 1-0

[Event "Friday 27 April Rapid Engine Tour 12+1 Rounds 9 Starts 1600ST"]
[Site "Infinity Chess"]
[Date "2018.4.27"]
[Round "5"]
[White "Cepri"]
[Black "KQRBNP"]
[Result "1/2-1/2"]
[ECO "C50"]
[WhiteElo "2389"]
[BlackElo "2332"]
[WhiteEngine "asmfishw_25A18b_CTG"]
[BlackEngine "Eman 1.70-beta27 64-bit POPCNT"]
[EventType "Swiss"]
[WhiteTeam ""]
[BlackTeam ""]
[PlyCount "124"]
[TimeControl "720+1"]

1. e4 e5 2. Nf3 Nc6 3. Bc4 Bc5 4. O-O Nf6 5. d3 d6 6. c3 a5 7. Nbd2 O-O 
8. h3 Ba7 9. Re1 Be6 10. Bb5 Ne7 11. d4 Ng6 12. Ba4 Nh5 13. Nf1 exd4 
14. Nxd4 Nhf4 15. Ng3 Bxd4 16. cxd4 d5 17. Qf3 Qh4 18. Bc2 c6 19. Bxf4 Qxf4 
20. Qxf4 Nxf4 21. e5 f5 22. h4 g6 23. Rad1 b6 24. Re3 Bc8 25. Ne2 Ne6 
26. Rc3 Ba6 27. Bd3 Bxd3 28. Rdxd3 Rac8 29. Rc1 Rf7 30. f4 Rfc7 31. Rcd1 b5 
32. Ra3 Ra8 33. h5 b4 34. Rg3 Kg7 35. Kf2 c5 36. dxc5 Rxc5 37. hxg6 hxg6 
38. Rgd3 Rd8 39. Nd4 Kf7 40. Kf3 Nxd4+ 41. Rxd4 Ke6 42. g3 Rc2 43. R1d2 Rxd2 
44. Rxd2 d4 45. Ke2 Kd5 46. Kd3 Rh8 47. Re2 Rh1 48. Kc2 Ke6 49. Kd3 Rg1 
50. Kxd4 Rxg3 51. Rc2 g5 52. Rc6+ Kd7 53. Ra6 gxf4 54. e6+ Ke7 55. Ke5 Re3+ 
56. Kxf4 Re2 57. Kxf5 Rf2+ 58. Ke4 Rxb2 59. Rxa5 Kxe6 60. Ra6+ Ke7 61. Kd4 Kd7 
62. Kc4 Ke8 1/2-1/2